cohdb
Replays
Latest Replays
All Replays
Popular Replays
Top Player Replays
Match Explorer
How It Works
Community
CoH3 Stats
Reddit
Sign in to upload your games and track your stats! →
Sign in with Steam
Match 46651878
Unlisted
Match 46651878
Overview
Messages
Build Orders
End
Selects Special Operations Battlegroup
Selects M29 Weasel Recon Vehicle
M29 Weasel Recon Vehicle
Construct Barracks
Riflemen Squad
Riflemen Squad
Construct Weapon Support Center
Selects Raiding Flares
Bazooka Squad
Partizanski
Personal Iroha Cushion
Angrybirds
ProxyFox
0
0
Comments
sign in to comment!
No comments posted yet!